 Dungeon Crawl Stone Soup version 0.31-a0-152-g6aa68a64a1 (webtiles) character file.

Game seed: 652642223616300597

451 qw the Shooter (level 7, -12/44 HPs)
             Began as a Gargoyle Hunter on June 11, 2023.
             Mangled by Duvessa
             ... wielding a +1 short sword of venom
              (15 damage)
             ... on level 4 of the Dungeon.
             The game lasted 00:00:56 (3013 turns).

qw the Shooter (Gargoyle Hunter)                    Turns: 3013, Time: 00:00:56

Health: -12/44     AC: 12    Str: 14    XL:     7   Next: 4%
Magic:  7/7        EV: 11    Int: 10    God:
Gold:   34         SH:  0    Dex: 15    Spells: 6/6 levels left

rFire   . . .        j - +0 shortbow (heavy)
rCold   . . .        (shield currently unavailable)
rNeg    + . .        p - +0 ring mail
rPois   inf          s - +0 helmet
rElec   +            a - +0 cloak
rCorr   .            (no gloves)
SInv    +            (no boots)
Will    .....        (no amulet)
Stlth   +            l - ring of see invisible
HPRegen 0.27/turn    (no ring)
MPRegen 0.10/turn

%: no passive effects
@: no status effects
A: sickness immunity, AC +4, negative energy resistance 1, electricity
resistance, torment resistance 1, petrification resistance
a: no special abilities


You were on level 4 of the Dungeon.
You visited 1 branch of the dungeon, and saw 4 of its levels.

You collected 226 gold pieces.
You spent 192 gold pieces at shops.


Innate Abilities, Weirdness & Mutations

You are immune to sickness and miasma.
Your stone body is resilient. (AC +4)
You are immune to poison.
You resist negative energy. (rN+)
You are resistant to electric shocks. (rElec)
You are resistant to unholy torment.
You are immune to petrification.


   Skills:
 - Level 4.7 Fighting
 + Level 6.6 Ranged Weapons
 - Level 2.7 Armour
 - Level 1.5 Dodging
 - Level 1.1 Stealth


You had 6 spell levels left.
You didn't know any spells.
Your spell library was empty.

Inventory:

Hand Weapons
 j - a +0 heavy shortbow (weapon)
Armour
 a - a +0 cloak (worn)
 p - a +0 ring mail (worn)
 s - a +0 helmet (worn)
Jewellery
 c - the ring of Hyarrem {rPois Slay+4 Stlth+}
   (You bought it in a shop on level 4 of the Dungeon)

   [ring of poison resistance]

   Slay:      It affects your accuracy & damage with ranged weapons and melee
   (+4).
   rPois:     It protects you from poison.
   Stlth:     It makes you more stealthy.
 l - a ring of see invisible (left hand)
 w - a ring of protection from cold
Scrolls
 b - a scroll of teleportation
 d - a scroll of enchant armour {unknown}
 e - 3 scrolls of identify
 t - a scroll of enchant weapon {unknown}
 v - a scroll of blinking {unknown}
Potions
 f - a potion of resistance
 g - a potion of experience {unknown}
 h - a potion of cancellation {unknown}
 i - 2 potions of degeneration {unknown}
 k - 4 potions of curing
 m - a potion of might
 n - a potion of lignification
 o - a potion of attraction
 q - a potion of magic {unknown}
 r - a potion of brilliance {unknown}
 u - a potion of ambrosia {unknown}

Dungeon Overview and Level Annotations

Branches:
Dungeon (4/15)
 Temple: D:4-7

Altars:

Shops:
D:4 !!*=

Annotations:
D:4 3 runed translucent doors, Duvessa; qw's ghost, amateur MiHu; qw's ghost, amateur NaHu


Message History

You shoot an arrow. The arrow barely misses Duvessa.
Dowan shouts!
The arrow hits Dowan!
Dowan is heavily wounded.
Duvessa hits you with a +1 short sword of venom.
You shoot an arrow. The arrow barely misses Duvessa.
The arrow barely misses Dowan.
Dowan says, "Stay away from my face!"
Duvessa closely misses you.
Dowan says, "Where the sword fails, magic succeeds!"
You shoot an arrow. The arrow barely misses Duvessa.
Duvessa hits you with a +1 short sword of venom.
Duvessa hits you with a +1 short sword of venom!
You shoot an arrow. The arrow barely misses Dowan.
Dowan says, "Magic and the sword, together, will defeat you."
Dowan closely misses you.
Duvessa hits you with a +1 short sword of venom!
Dowan barely misses you.
You shoot an arrow. The arrow hits Dowan.
Dowan is severely wounded.
Duvessa hits you with a +1 short sword of venom.
Dowan hits you but does no damage.
Duvessa says, "My weaknesses are his strengths!"
Duvessa hits you with a +1 short sword of venom.
Dowan hits you with a +0 dagger.
You shoot an arrow. The arrow closely misses Dowan.
Duvessa says, "Where magic fails, the sword succeeds!"
Duvessa hits you with a +1 short sword of venom.
Dowan hits you but does no damage. Duvessa hits you but does no damage.
Dowan closely misses you.
You shoot an arrow.
The arrow hits Dowan but does no damage.
Dowan is severely wounded.
Duvessa hits you but does no damage. Dowan misses you.
You shoot an arrow. The arrow hits Dowan!
You kill Dowan!
Duvessa screams in rage.
Duvessa goes berserk!
Duvessa hits you with a +1 short sword of venom! x2
You die...

# # # ### .# + ... #.##.#
# #.#.# #.##.# # #.#.#
#.##.# # . ###.#.# #
#.##.# .# !
...#.####.#e##.###.# ..
.........)@......>### ...
#...................#
#...###.e.####.#........##
.......e.....#.####.###.#
######...###........###%#
####.....<...........##.##
.....#.......######......#
..######.................#
..#
.##..###?##..##..######


You could see Duvessa (berserk).

Vanquished Creatures
  Pargi (D:3)
  2 black bears (D:4)
  A scorpion (D:4)
  Dowan (D:4)
  Robin (D:3)
  5 adders
  A worm (D:4)
  3 dart slugs
  An orc (D:4)
  3 ball pythons (D:1)
  4 bats
  6 endoplasms
  2 giant cockroaches
  14 goblins
  A hobgoblin (D:3)
  4 jackals
  2 quokkas
  A frilled lizard (D:1)
  5 kobolds
  5 rats
63 creatures vanquished.

Notes
Turn   | Place    | Note
-------+----------+-------------------------------------------
     0 | D:1      | qw the Gargoyle Hunter began the quest for the Orb.
     0 | D:1      | Reached XP level 1. HP: 12/12 MP: 1/1
     0 | D:1      | 0 ||| qw: Version: 0.2-a-29-gdad1ea2
     0 | D:1      | 0 ||| qw: Game counter: 4059
     0 | D:1      | 0 ||| qw: Always use a shield: true
     0 | D:1      | 0 ||| qw: God list: Okawaru
     0 | D:1      | 0 ||| qw: Allow faded altars: false
     0 | D:1      | 0 ||| qw: Do Orc after D:15 true
     0 | D:1      | 0 ||| qw: Do second Lair branch before Depths: true
     0 | D:1      | 0 ||| qw: Lair rune preference: random
     0 | D:1      | 0 ||| qw: Plans: Normal, Zot:1-4, Slime:5, God:TSO, Crypt,
                  | Tomb, Abyss, Pan, Hells, Win
     0 | D:1      | 0 ||| PLANNING D:1-11
   119 | D:1      | Reached XP level 2. HP: 17/17 MP: 2/2
   644 | D:1      | 644 ||| UPGRADING to ring of see invisible.
   645 | D:1      | 645 ||| READING scroll labelled LEUSSY FUEM.
   650 | D:1      | 650 ||| READING 3 scrolls labelled VEIXKY QAEMACW.
   651 | D:1      | 651 ||| READING scroll labelled WAB AVURHENI.
   652 | D:1      | 652 ||| READING scroll labelled NAWKAK YMIKHA.
   653 | D:1      | 653 ||| READING scroll labelled CEENUA MINN.
   654 | D:1      | 654 ||| READING 2 scrolls of identify.
   654 | D:1      | 654 ||| IDENTIFYING fizzy pink potion
   655 | D:1      | 655 ||| DROPPING scroll of butterflies.
  1004 | D:2      | Reached XP level 3. HP: 21/21 MP: 3/3
  1022 | D:2      | Reached skill level 5 in Ranged Weapons
  1495 | D:2      | 1495 ||| UPGRADING to +0 cloak.
  1500 | D:2      | 1500 ||| DROPPING ring of wizardry.
  1501 | D:2      | 1501 ||| READING scroll labelled HAABRI LUNE.
  1502 | D:2      | 1502 ||| DRINKING 4 fuming amethyst potions.
  1503 | D:2      | 1503 ||| DRINKING 2 brown potions.
  1684 | D:3      | Noticed Pargi
  1691 | D:3      | Killed Pargi
  1692 | D:3      | Reached XP level 4. HP: 10/30 MP: 4/4
  1692 | D:3      | Reached XP level 5. HP: 11/34 MP: 5/5
  1957 | D:3      | Noticed Robin
  1966 | D:3      | HP: 7/34 [goblin/+0 dagger[Robin] (3)]
  1967 | D:3      | 1967 ||| READING 3 scrolls of teleportation.
  1967 | D:3      | HP: 3/34 [goblin/+0 dagger[Robin] (5)]
  2114 | D:3      | Killed Robin
  2403 | D:3      | 2403 ||| UPGRADING to +0 ring mail.
  2413 | D:3      | 2413 ||| DROPPING +0 leather armour.
  2414 | D:3      | 2414 ||| UPGRADING to +0 helmet.
  2419 | D:3      | 2419 ||| READING scroll labelled DUENUXTOPNOR.
  2420 | D:3      | 2420 ||| DRINKING 2 silvery potions.
  2421 | D:3      | 2421 ||| DRINKING 2 golden potions.
  2422 | D:3      | 2422 ||| DROPPING potion of enlightenment.
  2481 | D:4      | Found Gemm's Jewellery Shoppe.
  2488 | D:4      | Found Imesuk's Distillery.
  2488 | D:4      | Found Taisilil's Assorted Antiques.
  2488 | D:4      | Found Ewesch's Distillery.
  2493 | D:4      | 2493 ||| SHOPLISTING +4 ring of protection (504 gold, have
                  | 199).
  2493 | D:4      | 2493 ||| SHOPLISTING +6 ring of dexterity (504 gold, have
                  | 199).
  2493 | D:4      | 2493 ||| SHOPLISTING amulet of faith (560 gold, have 199).
  2493 | D:4      | 2493 ||| SHOPLISTING amulet of regeneration (420 gold, have
                  | 199).
  2493 | D:4      | 2493 ||| SHOPLISTING ring of Xom's Bemusement {rC+ Int+3
                  | SInv Stlth+} (634 gold, have 199).
  2493 | D:4      | 2493 ||| SHOPLISTING ring of ice (350 gold, have 199).
  2493 | D:4      | 2493 ||| SHOPLISTING ring of positive energy (280 gold,
                  | have 199).
  2497 | D:4      | 2497 ||| BUYING fine ivory ring (105 gold).
  2497 | D:4      | Bought a fine ivory ring for 105 gold pieces
  2497 | D:4      | Identified the ring of Hyarrem {rPois Slay+4 Stlth+} (You
                  | bought it in a shop on level 4 of the Dungeon)
  2497 | D:4      | 2497 ||| SHOPLISTING runed leather armour (105 gold, have
                  | 94).
  2497 | D:4      | 2497 ||| BUYING scroll labelled URAHONWUFUO (21 gold).
  2497 | D:4      | Bought a scroll labelled URAHONWUFUO for 21 gold pieces
  2497 | D:4      | 2497 ||| SHOPLISTING thin zirconium amulet (105 gold, have
                  | 73).
  2501 | D:4      | 2501 ||| BUYING potion of attraction (33 gold).
  2501 | D:4      | Bought a potion of attraction for 33 gold pieces
  2501 | D:4      | 2501 ||| SHOPLISTING potion of cancellation (88 gold, have
                  | 40).
  2501 | D:4      | 2501 ||| BUYING potion of curing (33 gold).
  2501 | D:4      | Bought a potion of curing for 33 gold pieces
  2501 | D:4      | 2501 ||| SHOPLISTING potion of curing (33 gold, have 7).
  2501 | D:4      | 2501 ||| SHOPLISTING potion of lignification (33 gold, have
                  | 7).
  2501 | D:4      | 2501 ||| SHOPLISTING potion of might (44 gold, have 7).
  2505 | D:4      | 2505 ||| SHOPLISTING 2 potions of might (88 gold, have 7).
  2505 | D:4      | 2505 ||| SHOPLISTING potion of curing (33 gold, have 7).
  2505 | D:4      | 2505 ||| SHOPLISTING potion of lignification (33 gold, have
                  | 7).
  2505 | D:4      | 2505 ||| SHOPLISTING potion of might (44 gold, have 7).
  2556 | D:4      | Noticed a black bear
  2561 | D:4      | Killed a black bear
  2562 | D:4      | Reached XP level 6. HP: 36/39 MP: 6/6
  2594 | D:4      | Noticed a black bear
  2598 | D:4      | Killed a black bear
  2599 | D:4      | Reached skill level 6 in Ranged Weapons
  2648 | D:4      | Found a runed translucent gate.
  2648 | D:4      | Found a runed translucent gate.
  2648 | D:4      | Found a runed translucent gate.
  2657 | D:4      | Noticed qw's ghost (amateur MiHu)
  2657 | D:4      | Noticed qw's ghost (amateur NaHu)
  2786 | D:4      | Noticed Duvessa
  2787 | D:4      | Noticed Dowan
  2793 | D:4      | HP: 7/39 [Duvessa/+1 short sword of venom (3)]
  2794 | D:4      | 2794 ||| READING 2 scrolls of teleportation.
  2990 | D:4      | Reached XP level 7. HP: 44/44 MP: 7/7
  3013 | D:4      | Killed Dowan
  3013 | D:4      | HP: 3/44 [Duvessa/+1 short sword of venom (11)]
  3013 | D:4      | Mangled by Duvessa

Levels and vault maps discovered:
D:1:      evilmike_arrival_plus, layout_basic
D:2:      layout_loops_corners
D:3:      layout_basic, grunt_decor_clamped, minmay_misc_feat_roman, uniq_robin,
          uniq_pargi
D:4:      layout_basic, gammafunk_ghost_cemetery, chequers_serial_rivers_room_a,
          corexii_shack, minmay_shop_grid_forest, uniq_duvessa

Skill      XL: |  1  2  3  4  5  6 |
---------------+-------------------+-----
Ranged Weapons | 5 6 |  6.6
Fighting       | 4 |  4.7
Armour         | 2 |  2.7
Dodging        | |  1.5
Stealth        | |  1.1

Action                     |  1- 3 |  4- 6 |  7- 9 || total
---------------------------+-------+-------+-------++-------
   Fire: Shortbow          |    74 |    77 |    13 ||   164
    Use: Scroll            |     7 |     3 |       ||    10
         Potion            |     2 |     2 |       ||     4
 Armour: Leather armour    |    22 |    32 |       ||    54
         Ring mail         |       |    15 |     5 ||    20
  Dodge: Dodged            |    22 |    38 |     6 ||    66

Table legend:
 A = Non-vault XP
 B = Vault XP
 C = Vault XP percentage of total XP
 D = Non-vault monster count
 E = Vault monster count
 F = Vault count percentage of total count
                 A         B        C        D         E       F
            +---------+---------+-------+---------+---------+-------
      Total |     481 |     231 |  32.4 |      49 |      14 |  22.2
            +---------+---------+-------+---------+---------+-------
        D:1 |      23 |       0 |   0.0 |      13 |       0 |   0.0
        D:2 |      24 |       0 |   0.0 |      13 |       0 |   0.0
        D:3 |      73 |     161 |  68.8 |      15 |      12 |  44.4
        D:4 |     361 |      70 |  16.2 |       8 |       2 |  20.0
            +---------+---------+-------+---------+---------+-------
